AoeStats
← Ken

Arena

505250324Analyzed
1v1 RM · 23d ago on Sep 8, 2026· 38m 31s· 2 players
Game mode
Random Map
Map size
Tiny (2 player)
Population
200
Speed
Normal
Resources
Standard
Victory
Conquest
Starting age
Dark Age
Ending age
Imperial Age
RankedLock teamsTeams togetherTeam positionsShared explorationLock speedFull tech treeHidden civsTurbo modeCheats
Victory
Defeat
🇨🇳 Franks · China
962
+18
🇮🇳 Spanish · India
1000
-55
Ken
11:31 Feudal Age
15:18 Castle Age
13:16 Double-Bit Axe
17:48 Bow Saw
23:49 Wheelbarrow
25:34 Loom
28:06 #83
30:59 Scale Barding Armor
31:05 Forging
33:32 Imperial Age
32:07 Husbandry
33:01 Forging
32:52 Scale Mail Armor
32:58 Scale Barding Armor
32:44 Fletching
34:41 Iron Casting
33:55 Cavalier
35:53 Conscription
36:25 Gold Mining
RoaringDragonnn
0:38 Loom
10:31 Feudal Age
11:06 Horse Collar
11:18 Gold Mining
11:19 Stone Mining
11:17 Double-Bit Axe
20:31 Castle Age
19:00 Fletching
19:25 Forging
20:00 Wheelbarrow
19:10 Town Watch
19:28 Fletching
20:02 Scale Mail Armor
20:10 Padded Archer Armor
21:39 Bow Saw
21:32 Heavy Plow
24:43 Stone Shaft Mining
25:10 Pikeman
28:30 Hand Cart
28:18 Town Patrol
30:08 Squires
33:16 Imperial Age
31:53 Bodkin Arrow
33:48 Chain Mail Armor
33:44 Forging
33:50 Leather Archer Armor
33:58 Ballistics
33:34 Murder Holes
33:50 Fortified Wall
34:48 Conscription
Connection lost

Rejoining the realm…

Still unreachable

The connection could not be restored.

Session expired

The server has moved on; the page needs a fresh start.